 Dungeon Crawl Stone Soup version 0.28.0-53-g5a82cb258f (webtiles) character file.

Game seed: 3427883657889775464

36 Gabide the Bolt Thrower (level 3, -14/28 HPs)
             Began as a Barachi Hunter on May 23, 2022.
             Was a Follower of Fedhas.
             Demolished by an ogre
             ... wielding a +0 giant club
              (26 damage)
             ... on level 3 of the Dungeon.
             The game lasted 00:05:15 (1817 turns).

Gabide the Bolt Thrower (Barachi Hunter)            Turns: 1817, Time: 00:05:17

Health: -14/28     AC:  4    Str: 13    XL:     3   Next: 37%
Magic:  3/3        EV: 12    Int: 11    God:    Fedhas [*.....]
Gold:   83         SH:  0    Dex: 14    Spells: 2/2 levels left

rFire   + . .      SeeInvis .   a - +1 hand crossbow
rCold   . . .      Faith    .   (no shield)
rNeg    . . .      Spirit   .   c - +0 leather armour
rPois   .          Reflect  .   j - +0 helmet
rElec   .          Harm     .   (no cloak)
rCorr   .          Rampage  .   (no gloves)
Will    .....                   (no boots)
Stlth   +.........              (no amulet)
HPRegen 0.09/turn               k - ring of protection from fire
MPRegen 0.08/turn               (no ring)

@: unable to hop, slow
A: amphibious, slowness 1, strong legs 1, +LOS
a: Hop, Renounce Religion


You were on level 3 of the Dungeon.
You worshipped Fedhas.
Fedhas was aware of your devotion.
You visited 1 branch of the dungeon, and saw 3 of its levels.

You collected 83 gold pieces.

Inventory:

Hand Weapons
 a - a +1 hand crossbow (weapon)
 b - a +0 short sword
Missiles
 d - 8 bolts (quivered ammo)
Armour
 c - a +0 leather armour (worn)
 j - a +0 helmet (worn)
Jewellery
 g - a ring of ice
 k - a ring of protection from fire (left hand)
Scrolls
 f - a scroll of torment {unknown}
 i - a scroll of enchant weapon {unknown}
 m - a scroll of magic mapping {unknown}
 o - a scroll of immolation {unknown}
 p - a scroll of silence {unknown}
 q - a scroll of noise {unknown}
Potions
 e - 4 potions of curing
 h - a potion of haste {unknown}
 l - 2 potions of mutation
 n - 2 potions of berserk rage {unknown}


   Skills:
 - Level 2.4 Fighting
 + Level 5.1 Crossbows
 - Level 2.1 Dodging
 - Level 0.8 Stealth


You had 2 spell levels left.
You didn't know any spells.
Your spell library contained the following spells:

 Spells                   Type           Power      Damage    Failure   Level
 Conjure Flame            Conj/Fire      0%         6-21      80%         3
 Ignite Poison            Fire/Tmut/Pois 0%         N/A       80%         3
 Sticky Flame             Conj/Fire      0%         2d3       99%         4


Dungeon Overview and Level Annotations

Branches:
Dungeon (3/15)

Altars:
Fedhas


Innate Abilities, Weirdness & Mutations

You are amphibious.
You cover ground slowly.
You can hop short distances.
You have an extended range of vision and can be seen from far away.


Message History

Things that are here:
a +0 short sword; 3 stones; a kobold corpse Done exploring.
Done exploring.
Done exploring.
Done exploring.
You see here a +0 robe.
You see here 4 poisoned darts.
There is a stone staircase leading down here.
You climb downwards.
Found a scroll labelled KACRIHIGACK.
There is a stone staircase leading up here.
Found a stone staircase leading down.
An ogre comes into view. It is wielding a +0 giant club.
The ogre shouts!
You see here a scroll labelled KACRIHIGACK.
a - a +1 hand crossbow (weapon)
You shoot a bolt. The bolt hits the ogre!
The ogre is moderately wounded.
You shoot a bolt. The bolt hits the ogre!
The ogre is severely wounded.
You shoot a bolt. The bolt hits the ogre.
The ogre is severely wounded.
Hop to where?
Press: ? - help, Dir - move target, p - ogre Boing!
You shoot a bolt. The bolt hits the ogre!
The ogre is almost dead.
You shoot a bolt. The bolt barely misses the ogre.
The ogre hits you with a +0 giant club!
Ouch! That really hurt!
You are too injured to fight recklessly!
Fire: 9 bolts
Press: ? - help, Q - select action, (/) - cycle Shift-Dir - straight line, f/p - ogre
Aim: an ogre, wielding a +0 giant club (almost dead, 79% to hit)
You shoot a bolt. The bolt completely misses the ogre.
The ogre hits you with a +0 giant club!!
Ouch! That really hurt!
You die...
Fedhas appreciates your contribution to the ecosystem.

##.. ... #..
#.# #.# #<#
#.########.#
#........... #
#.#@###### #.
#.#O#
##..#..#.#(###
.........°>..#
.....!.#..##.#
......###(#
##..## #(# #.
#(# .. ...


You could see an ogre.

Vanquished Creatures
  2 dart slugs (D:1)
  4 ball pythons
  3 endoplasms
  2 giant cockroaches
  4 goblins
  2 hobgoblins (D:1)
  2 quokkas (D:1)
  A bat (D:1)
  4 kobolds
  5 rats
29 creatures vanquished.

Notes
Turn   | Place    | Note
-------+----------+-------------------------------------------
     0 | D:1      | Gabide the Barachi Hunter began the quest for the Orb.
     0 | D:1      | Reached XP level 1. HP: 17/17 MP: 1/1
    64 | D:1      | Found a faded altar of an unknown god.
    75 | D:1      | Prayed at the altar of an unknown god.
    75 | D:1      | Became a worshipper of Fedhas Madash
    75 | D:1      | Reached * piety under Fedhas
   246 | D:1      | Reached XP level 2. HP: 23/23 MP: 2/2
   838 | D:1      | Reached XP level 3. HP: 10/28 MP: 3/3
  1258 | D:2      | Reached skill level 5 in Crossbows
  1809 | D:3      | Noticed an ogre
  1817 | D:3      | Demolished by an ogre

Illustrated notes

Levels and vault maps discovered:
D:1:      minmay_arrival_shattered_statue, layout_loops_cross,
          hellmonk_ecumenical_altar_lost_god, minmay_split_cup_large
D:2:      layout_rooms, chequers_jeans, nicolae_underground_beach
D:3:      layout_loops_ring, kennysheep_cross_room

Skill      XL: |  1  2  3 |
---------------+----------+-----
Crossbows      | 5 |  5.1
Fighting       | |  2.4
Dodging        | |  2.1
Stealth        | |  0.8

Action                   || total
-------------------------++-------
Melee: Short sword       ||    41
 Fire: Hand crossbow     ||    30
 Abil: Hop               ||     3
  Use: Scroll            ||     2
 Stab: Sleeping          ||     2
Armor: Leather armour    ||    13
Dodge: Dodged            ||    27
